 Dungeon Crawl Stone Soup version 0.27-a0-380-g150de4c316 (webtiles) character file.

Game seed: 15700837528707920235

378 kae the Ruffian (level 6, -2/50 HPs)
             Began as a Draconian Transmuter on Feb 17, 2021.
             Slain by a gnoll
             ... wielding a +0 halberd
              (5 damage)
             ... on level 3 of the Dungeon.
             The game lasted 00:03:11 (4559 turns).

kae the Ruffian (Draconian Transmuter)              Turns: 4559, Time: 00:03:12

Health: -2/50      AC:  2    Str: 14    XL:     6   Next: 45%
Magic:  7/10       EV: 20    Int: 14    God:
Gold:   123        SH:  0    Dex: 16    Spells: 6/10 levels left

rFire    . . .     SeeInvis .     - Unarmed
rCold    . . .     Faith    .   (shield currently unavailable)
rNeg     . . .     Spirit   .   (armour unavailable)
rPois    x         Reflect  .   (helmet currently unavailable)
rElec    .         Harm     .   (cloak currently unavailable)
rCorr    .         Rampage  .   (gloves currently unavailable)
Will     .....                  (boots currently unavailable)
Stlth    +.........             (no amulet)
HPRegen  0.16/turn              (no ring)
MPRegen  0.12/turn              (no ring)

@: spider-form
A: tiny, unfitting armour, AC +6
a: End Transformation


You were on level 3 of the Dungeon.
You were a venomous arachnid creature.
You visited 1 branch of the dungeon, and saw 3 of its levels.

You collected 123 gold pieces.

Inventory:

Scrolls
 c - a scroll of enchant armour
Potions
 e - a potion of attraction


   Skills:
 + Level 2.7 Fighting
 + Level 2.7 Dodging
 * Level 4.4 Unarmed Combat
 + Level 2.7 Spellcasting
 * Level 3.9 Transmutations
 - Level 2.0 Poison Magic


You had 6 spell levels left.
You knew the following spells:

 Your Spells              Type           Power        Failure   Level
a - Beastly Appendage     Tmut           24%          13%         1
b - Spider Form           Tmut/Pois      5%           41%         3

Your spell library contained the following spells:

 Spells                   Type           Power        Failure   Level
 Wereblood                Tmut           12%          19%         2
 Animate Skeleton         Necr           2%           43%         1
 Apportation              Tloc           2%           43%         1
 Corona                   Hex            1%           43%         1
 Summon Small Mammal      Summ           4%           43%         1
 Ice Form                 Ice/Tmut       7%           86%         4
 Blade Hands              Tmut           6%           90%         5


Dungeon Overview and Level Annotations

Branches:
Dungeon (3/15)

Altars:
Cheibriados
Hepliaklqana
Trog
Yredelemnul


Innate Abilities, Weirdness & Mutations

((Your plain brown scales are hard. (AC +6)))
You cannot fit into any form of body armour.
((You are cold-blooded and may be slowed by cold attacks.))


Message History

It was a potion of resistance.
You feel protected.
The gnoll hits you from afar with a +0 halberd!
* * * LOW HITPOINT WARNING * * *
Your magical effects are unravelling.
You feel magically purged.
Your resistance to elements expires.
The gnoll hits you but does no damage. The gnoll barely misses you.
You are confused.
You feel invigorated. The gnoll barely misses you.
The gnoll hits you with a +0 club.
* * * LOW HITPOINT WARNING * * *
The gnoll hits you from afar with a +0 spear!
* * * LOW HITPOINT WARNING * * *
You are too confused!
You're too confused to move!
The gnoll hits you but does no damage. The gnoll hits you with a +0 club.
* * * LOW HITPOINT WARNING * * *
The gnoll hits you but does no damage. The gnoll hits you with a +0 halberd.
* * * LOW HITPOINT WARNING * * *
You're too confused to move!
You feel less invigorated.
You feel less confused. The gnoll misses you.
The gnoll hits you but does no damage. The gnoll barely misses you.
You hit the gnoll.
The gnoll is lightly wounded.
The gnoll barely misses you. The gnoll closely misses you.
The gnoll hits you with a +0 halberd!
* * * LOW HITPOINT WARNING * * *
Okay, then.
Okay, then.
Casting: Spider Form (dangerous; 21% risk of failure)
Confirm with . or Enter, or press ? or * to list all spells.
You turn into a venomous arachnid creature.
The gnoll hits you with a +0 club.
* * * LOW HITPOINT WARNING * * *
The gnoll barely misses you. The gnoll hits you with a +0 halberd.
You die...

.........P................#
.......P.............P....#
≈≈≈≈≈≈≈≈≈≈≈≈≈≈≈≈≈≈≈≈≈≈....#
≈≈≈≈≈≈≈≈≈≈≈≈≈≈≈≈≈≈≈≈≈≈....#
≈≈≈≈≈≈≈≈≈≈≈≈≈≈≈#####≈≈....#
...............#...#≈≈....#
################...#≈≈P...#
#....#g###≈≈....#
#######....#s#.≈≈≈....#
...........#g#.≈≈≈..P.#
)......#''##g#.≈≈≈....#
.......#.....#.≈≈≈....#
....g..#.....#.≈≈≈....#
##########'#####.#.≈≈≈...(#
...'....... #.#.≈≈≈....#
...#....... ^.#.≈≈≈†...#
...#.....^. #'###≈≈P...#


You could see 3 gnolls.

Vanquished Creatures
  2 gnoll shamans (D:3)
  18 gnolls (D:3)
  3 adders (D:3)
  An ooze (D:1)
  3 worms
  3 dart slugs
  A leopard gecko (D:3)
  2 orcs
  2 giant cockroaches (D:1)
  7 goblins
  13 hobgoblins
  21 jackals
  12 kobolds
  A quokka (D:2)
  7 bats
  A frilled lizard (D:3)
  8 rats
  A spectral orc (D:2)
106 creatures vanquished.

Notes
Turn   | Place    | Note
-------+----------+-------------------------------------------
     0 | D:1      | kae the Draconian Transmuter began the quest for the Orb.
     0 | D:1      | Reached XP level 1. HP: 16/16 MP: 3/3
    89 | D:1      | Reached XP level 2. HP: 19/23 MP: 5/5
   828 | D:1      | Reached XP level 3. HP: 28/28 MP: 4/6
   832 | D:1      | Learned a level 3 spell: Spider Form
  1798 | D:2      | Found a hazy altar of Hepliaklqana.
  2079 | D:2      | Reached XP level 4. HP: 36/36 MP: 5/7
  2355 | D:2      | Found a basalt altar of Yredelemnul.
  3130 | D:3      | Found a bloodstained altar of Trog.
  3385 | D:3      | Reached XP level 5. HP: 40/41 MP: 8/8
  3504 | D:3      | Reached skill level 1 in Poison Magic
  3545 | D:3      | Found a snail-covered altar of Cheibriados.
  3589 | D:3      | Reached skill level 4 in Unarmed Combat
  4208 | D:3      | Reached XP level 6. HP: 38/50 MP: 7/9
  4559 | D:3      | Slain by a gnoll

Illustrated notes

Levels and vault maps discovered:
D:1:      elethiomel_arrival_quiet, layout_loops_cross, minivault_27,
          minmay_cupped
D:2:      layout_loops_cross, yredelemnul_forgotten_temple_becter,
          lemuel_doored_altar
D:3:      lemuel_castle_with_subvaults [lemuel_castle_interior_carwin_3],
          layout_rooms, kennysheep_slug_shrine, trog_butcher_becter

Skill      XL: |  1  2  3  4  5  6 |
---------------+-------------------+-----
Dodging        | 2 |  2.7
Fighting       | 2 |  2.7
Transmutations | 3 |  3.9
Poison Magic   | 1 2 |  2.0
Unarmed Combat | 4 |  4.4
Spellcasting   | |  2.7

Action                   |  1- 3 |  4- 6 || total
-------------------------+-------+-------++-------
Melee: Unarmed           |   140 |   208 ||   348
       Kick              |    17 |    21 ||    38
       Headbutt          |    16 |    13 ||    29
       Tailslap          |    17 |    15 ||    32
       Punch             |       |     2 ||     2
 Cast: Beastly Appendage |    27 |    20 ||    47
       Spider Form       |       |    10 ||    10
  Use: Scroll            |     1 |     5 ||     6
       Potion            |       |     5 ||     5
Armor: Skin              |    40 |    51 ||    91
Dodge: Dodged            |    98 |   143 ||   241

Table legend: (Time is in decaauts)
 A = Elapsed time spent in this place.
 B = Non-inter-level travel time spent in this place.
 C = Inter-level travel time spent in this place.
 D = Time resting spent in this place.
 E = Time spent auto-exploring this place.
 F = Levels seen in this place.
 G = Mean time per level.
                   A        B        C        D        E       F      G
               +--------+--------+--------+--------+--------+-----+--------+
         Total |   4549 |   4445 |    104 |    206 |   3444 |   3 | 1516.3 |
       Dungeon |   4549 |   4445 |    104 |    206 |   3444 |   3 | 1516.3 |
               +--------+--------+--------+--------+--------+-----+--------+

Top non-repeatable levels by time:
     D:3: 1680 daAuts
     D:1: 1455 daAuts
     D:2: 1413 daAuts
